 Dungeon Crawl Stone Soup version 0.27-a0-1434-g6f15984924 (webtiles) character file.

Game seed: 17875933585184838426

55 Gargoyl the Skirmisher (level 3, -1/35 HPs)
             Began as a Gnoll Abyssal Knight on July 3, 2021.
             Was a Believer of Lugonu.
             Frozen to death by an endoplasm (2 damage)
             ... on level 3 of the Dungeon.
             The game lasted 00:02:43 (1717 turns).

Gargoyl the Skirmisher (Gnoll Abyssal Knight)       Turns: 1717, Time: 00:02:44

Health: -1/35      AC: 10    Str: 12    XL:     3   Next: 93%
Magic:  6/6        EV:  5    Int: 11    God:    Lugonu [**....]
Gold:   60         SH:  3    Dex: 11    Spells: 4/4 levels left

rFire    + . .     SeeInvis .   e - +2 short sword (vamp)
rCold    + . .     Faith    .   d - +0 buckler
rNeg     + . .     Spirit   .   c - +0 chain mail
rPois    +         Reflect  .   (no helmet)
rElec    +         Harm     .   (no cloak)
rCorr    +         Rampage  .   (no gloves)
Will     .....                  h - +0 pair of boots
Stlth    ..........             (no amulet)
HPRegen  0.11/turn              b - ring of positive energy
MPRegen  0.10/turn              (no ring)

@: resistant
A: fangs 1, strong nose, distributed training
a: Renounce Religion, Depart the Abyss, Bend Space


You were on level 3 of the Dungeon.
You worshipped Lugonu.
Lugonu was pleased with you.
You visited 1 branch of the dungeon, and saw 3 of its levels.
You visited the Abyss 1 time.

You collected 60 gold pieces.

Inventory:

Hand Weapons
 a - a +1 hand axe
 e - a +2 vampiric short sword (weapon)
Armour
 c - a +0 chain mail (worn)
 d - a +0 buckler (worn)
 h - a +0 pair of boots (worn)
Jewellery
 b - a ring of positive energy (left hand)
Scrolls
 f - a scroll of enchant armour {unknown}


   Skills:
 + Level 6.5 Fighting
 + Level 1.0 Short Blades
 + Level 1.0 Long Blades
 + Level 4.6 Axes
 + Level 1.0 Maces & Flails
 + Level 1.0 Polearms
 + Level 1.0 Staves
 + Level 1.0 Slings
 + Level 1.0 Bows
 + Level 1.0 Crossbows
 + Level 1.0 Throwing
 + Level 4.6 Armour
 + Level 2.6 Dodging
 + Level 1.0 Stealth
 + Level 1.0 Shields
 + Level 1.0 Unarmed Combat
 + Level 1.0 Spellcasting
 + Level 0.7 Conjurations
 + Level 0.7 Hexes
 + Level 0.7 Summonings
 + Level 0.7 Necromancy
 + Level 0.7 Translocations
 + Level 0.7 Transmutations
 + Level 0.7 Fire Magic
 + Level 0.7 Ice Magic
 + Level 0.7 Air Magic
 + Level 0.7 Earth Magic
 + Level 0.7 Poison Magic
 + Level 4.6 Invocations
 + Level 1.0 Evocations


You had 4 spell levels left.
You didn't know any spells.
Your spell library contained the following spells:

 Spells                   Type           Power      Damage    Failure   Level
 Freeze                   Ice            8%         1d3       100%        1
 Frozen Ramparts          Ice            4%         1d2       100%        3
 Gell's Gravitas          Tloc           1%         N/A       100%        3
 Ignite Poison            Fire/Tmut/Pois 2%         N/A       100%        3
 Lesser Beckoning         Tloc           1%         N/A       100%        3
 Mephitic Cloud           Conj/Pois/Air  2%         N/A       100%        3
 Teleport Other           Tloc           2%         N/A       100%        3
 Hailstorm                Conj/Ice       2%         3d3       100%        4
 Bolt of Magma            Conj/Fire/Erth 1%         4d4       100%        5


Dungeon Overview and Level Annotations

Branches:
Dungeon (3/15)

Altars:
Dithmenos

Annotations:
D:3 Grinder


Innate Abilities, Weirdness & Mutations

You have very sharp teeth.
Your uncanny sense of smell can sniff out nearby items.
Your experience applies equally to all skills.


Message History

There is a stone staircase leading up here.
Found two maces.
There is a stone staircase leading up here.
An endoplasm comes into view.
The endoplasm quivers.
Found a scroll labelled JACEORUVVI and a sapphire potion.
Your shield prevents you from hitting Grinder.
Grinder hits you but does no damage.
You hit Grinder.
Grinder is lightly wounded.
Grinder gestures at you. You resist with significant effort.
You hit Grinder. Your bite misses Grinder.
Grinder is moderately wounded.
Grinder gestures at you. Pain shoots through your body!
The endoplasm jiggles.
You hit Grinder.
Grinder is moderately wounded.
Grinder hits you.
You writhe in agony.
Grinder gestures at you.
You suddenly lose the ability to move!
Grinder hits you but does no damage. The endoplasm freezes you.
You are frozen.
Grinder hits you.
You writhe in agony.
The endoplasm hits you but does no damage.
Grinder hits you!
You writhe in agony.
You can move again.
Unknown command.
It was a potion of resistance.
You feel protected. You block the endoplasm's attack. Grinder hits you!
* * * LOW HITPOINT WARNING * * *
You writhe in agony.
* * * LOW HITPOINT WARNING * * *
Unknown command.
It was a potion of magic.
Magic courses through your body. The endoplasm freezes you.
You are frozen.
You resist.
You die...

##### ###♣♣
#.#####...#####)#))♣♣
........)†.......)))♣
#.####....##<##).))).
#.....##.##.#)).♣
#.....##....# ♣♣♣
..........5..#
#.#.....####@##
#.#.....# #J# #
#####.# #........#
#......... .......?..
∆ ...........
....#....... .....
....... ......
...!...


You could see Grinder and an endoplasm.

Vanquished Creatures
  An adder skeleton (D:2)
  2 dart slugs
  5 ball pythons
  3 endoplasms
  2 giant cockroaches (D:1)
  6 goblins (D:1)
  4 hobgoblins
  2 jackals (D:1)
  2 quokkas
  4 bats
  5 frilled lizards
  3 kobolds
  5 rats
44 creatures vanquished.

Notes
Turn   | Place    | Note
-------+----------+-------------------------------------------
     0 | Abyss:1  | Gargoyl the Gnoll Abyssal Knight began the quest for the
                  | Orb.
     0 | Abyss:1  | Reached XP level 1. HP: 23/23 MP: 3/3
    73 | Abyss:1  | Noticed a spatial maelstrom
    74 | Abyss:1  | Noticed an apocalypse crab
    96 | Abyss:2  | Noticed a large abomination
   102 | D:1      | Escaped the Abyss
   165 | D:1      | Found a faded altar of an unknown god.
   318 | D:1      | Reached XP level 2. HP: 29/29 MP: 5/5
   323 | D:1      | Reached * piety under Lugonu
   524 | D:1      | Reached XP level 3. HP: 29/35 MP: 6/6
   806 | D:2      | Identified a scroll of acquirement
   806 | D:2      | Acquired a ring of positive energy
   874 | D:2      | Found a shadowy altar of Dithmenos.
  1099 | D:2      | Reached ** piety under Lugonu
  1467 | D:2      | Reached skill level 1 in Short Blades
  1467 | D:2      | Reached skill level 1 in Long Blades
  1467 | D:2      | Reached skill level 1 in Maces & Flails
  1467 | D:2      | Reached skill level 1 in Polearms
  1467 | D:2      | Reached skill level 1 in Staves
  1467 | D:2      | Reached skill level 1 in Slings
  1467 | D:2      | Reached skill level 1 in Bows
  1467 | D:2      | Reached skill level 1 in Crossbows
  1467 | D:2      | Reached skill level 1 in Throwing
  1467 | D:2      | Reached skill level 1 in Stealth
  1467 | D:2      | Reached skill level 1 in Shields
  1467 | D:2      | Reached skill level 1 in Unarmed Combat
  1467 | D:2      | Reached skill level 1 in Spellcasting
  1467 | D:2      | Reached skill level 1 in Evocations
  1686 | D:3      | Noticed Grinder
  1712 | D:3      | Paralysed by Grinder for 4 turns
  1716 | D:3      | HP: 1/35 [Grinder (3)]
  1717 | D:3      | Frozen to death by an endoplasm

Illustrated notes

Levels and vault maps discovered:
D:1:      lightli_arrival_isolated_outpost, layout_rooms,
          hellmonk_ecumenical_altar_crossroads, minmay_tromino_mix6
D:2:      layout_basic, basic_altar, kennysheep_generic_room_12
D:3:      layout_basic, nicolae_overflow_hidden_temple, grunt_ministairs_2,
          uniq_crazy_yiuf_cottage, uniq_grinder

Skill      XL: |  1  2  3 |
---------------+----------+-----
Short Blades   | 1 |  1.0
Long Blades    | 1 |  1.0
Maces & Flails | 1 |  1.0
Polearms       | 1 |  1.0
Staves         | 1 |  1.0
Slings         | 1 |  1.0
Bows           | 1 |  1.0
Crossbows      | 1 |  1.0
Throwing       | 1 |  1.0
Stealth        | 1 |  1.0
Shields        | 1 |  1.0
Unarmed Combat | 1 |  1.0
Spellcasting   | 1 |  1.0
Evocations     | 1 |  1.0
Fighting       | |  6.5
Axes           | |  4.6
Armour         | |  4.6
Dodging        | |  2.6
Conjurations   | |  0.7
Hexes          | |  0.7
Summonings     | |  0.7
Necromancy     | |  0.7
Translocations | |  0.7
Transmutations | |  0.7
Fire Magic     | |  0.7
Ice Magic      | |  0.7
Air Magic      | |  0.7
Earth Magic    | |  0.7
Poison Magic   | |  0.7
Invocations    | |  4.6

Action                   || total
-------------------------++-------
Melee: Hand axe          ||    67
       Bite              ||     8
       Short sword       ||    47
Invok: Depart the Abyss  ||     1
  Use: Potion            ||     2
       Scroll            ||     1
Armor: Chain mail        ||   102
Dodge: Dodged            ||    45
Block: Buckler           ||    25

Table legend: (Time is in decaauts)
 A = Elapsed time spent in this place.
 B = Non-inter-level travel time spent in this place.
 C = Inter-level travel time spent in this place.
 D = Time resting spent in this place.
 E = Time spent auto-exploring this place.
 F = Levels seen in this place.
 G = Mean time per level.
                   A        B        C        D        E       F      G
               +--------+--------+--------+--------+--------+-----+--------+
         Total |   1737 |   1660 |     77 |      5 |   1239 |   5 |  347.4 |
       Dungeon |   1635 |   1558 |     77 |      5 |   1165 |   3 |  545.0 |
         Abyss |    101 |    101 |      0 |      0 |     74 |   2 |   50.5 |
               +--------+--------+--------+--------+--------+-----+--------+

Top non-repeatable levels by time:
     D:2: 867 daAuts
     D:1: 718 daAuts
 Abyss:1: 77 daAuts
     D:3: 49 daAuts
 Abyss:2: 24 daAuts
